 Dungeon Crawl Stone Soup version 0.17-a0-2208-ge5ab1d3 (webtiles) character file.

213 kosy22 the Ducker (level 5, -2/53 HPs)
             Began as a Troll Fighter on Oct 26, 2015.
             Slain by a mummy (9 damage)
             ... in an ossuary.
             The game lasted 00:08:28 (2934 turns).

kosy22 the Ducker (Troll Fighter)                   Turns: 2934, Time: 00:08:28

Health: -2/53      AC:  6    Str: 25    XL:     5   Next: 59%
Magic:  4/4        EV:  8    Int:  4    God:
Gold:   109        SH: 10    Dex:  9    Spells: 0 memorised, 4 levels left

rFire  . . .     SeeInvis .       - Unarmed
rCold  . . .     Clarity  .     a - +0 robe
rNeg   . . .     SustAt   .     b - +1 shield
rPois  .         Gourm    +     (helmet restricted)
rElec  .         Spirit   .     l - +0 cloak
rCorr  .         Warding  .     (gloves unavailable)
rMut   .         Stasis   .     (boots unavailable)
MR     .....                    (no amulet)
Stlth  +.........               (no ring)
                                (no ring)

@: not resistant to hostile enchantments, very unstealthy
A: unfitting armour, claws 3, fast metabolism 3, gourmand, regeneration 2,
shaggy fur 1, tough skin 2
a: no special abilities


You were in an ossuary.
You were hungry.

You visited 1 branch of the dungeon, and saw 4 of its levels.
You also visited: Ossuary.

You collected 109 gold pieces.

Inventory:

Hand Weapons
 q - a +1 blowgun
Missiles
 p - 28 poisoned needles
 s - 3 tomahawks of dispersal (quivered)
Armour
 a - a +0 robe (worn)
 b - a +1 shield (worn)
 l - a +0 cloak (worn)
Scrolls
 h - 3 scrolls of identify
 v - a scroll of teleportation {unknown}
Potions
 c - 3 potions of might
 e - a potion of lignification {unknown}
 g - a potion of agility {unknown}
 m - 2 potions of magic {unknown}
 o - a potion of poison {unknown}
 r - a potion of heal wounds
 t - a potion of cancellation {unknown}
Comestibles
 d - 2 bread rations
 f - 4 meat rations
 i - a slice of pizza
 n - 2 fruits


   Skills:
 + Level 3.0 Fighting
 + Level 3.9 Dodging
 + Level 0.3 Stealth
 + Level 3.2 Shields
 + Level 2.9 Unarmed Combat


You had 4 spell levels left.
You didn't know any spells.

Dungeon Overview and Level Annotations

Branches:
Dungeon (4/15)
 Temple: D:4-7

Altars:
Dithmenos
Elyvilon
Okawaru
Sif Muna
Zin


Innate Abilities, Weirdness & Mutations

You are too large for most types of armour.
You have claws for hands.
Your metabolism is lightning-fast.
You like to eat raw meat.
You heal very quickly.
You are covered in fur (AC +1).
You have very tough skin (AC +2).


Message History

You assume a fearsome visage.
The mummy is unaffected.
The mummy is unaffected.
The kobold zombie is unaffected.
The orc zombie is unaffected.
The gnoll zombie is unaffected.
The orc zombie is unaffected.
The orc zombie hits you but does no damage.
You block the orc zombie's attack.
Read which item? (? for menu, Esc to quit)
As you read the scroll labeled VALOBE BUISUFI, it crumbles to dust.
It is a scroll of enchant weapon.
Enchant which weapon? (? for menu, Esc to quit)
Your +0 blowgun glows red for a moment.
You block the mummy's attack. The kobold zombie barely misses you.
You block the mummy's attack. The orc zombie completely misses you.
Read which item? (? for menu, Esc to quit)
As you read the scroll labeled CAPLEBUK SOMECH, it crumbles to dust.
It is a scroll of enchant armour.
Enchant which item? (? for menu, Esc to quit)
Your +0 shield glows green for a moment.
You block the orc zombie's attack. The kobold zombie barely misses you.
You block the mummy's attack. The mummy hits you!
You die...

..............
..............
............
#........#
#......#
#....# #..Z.#
#.ZMM# #.Z@.#
#.Z..# #....#
#....# #....#
#.∩∩.# ######


You could see 2 mummies, a gnoll zombie, a kobold zombie and 2 orc zombies.

Vanquished Creatures
  Crazy Yiuf (D:2)
  Jessica (D:3)
  2 mummies (Ossuary)
  4 adders
  An adder skeleton (D:3)
  3 worms
  3 giant geckos
  2 orcs (D:3)
  2 giant cockroaches
  2 gnoll zombies (Ossuary)
  11 goblins
  12 hobgoblins
  A quokka (D:2)
  3 ball pythons
  6 bats
  7 giant newts
  5 jackals
  10 kobolds
  A kobold zombie (Ossuary)
  An orc zombie (Ossuary)
  13 rats
91 creatures vanquished.

Notes
Turn   | Place    | Note
--------------------------------------------------------------
     0 | D:1      | kosy22 the Troll Fighter began the quest for the Orb.
     0 | D:1      | Reached XP level 1. HP: 22/22 MP: 0/0
    57 | D:1      | Found an iron altar of Okawaru.
   121 | D:1      | Reached XP level 2. HP: 26/29 MP: 1/1
   905 | D:2      | Reached XP level 3. HP: 33/36 MP: 2/2
  1038 | D:2      | Found a shadowy altar of Dithmenos.
  1113 | D:2      | Reached skill level 3 in Dodging
  1251 | D:2      | Noticed Crazy Yiuf
  1258 | D:2      | Killed Crazy Yiuf
  1258 | D:2      | Reached XP level 4. HP: 30/44 MP: 3/3
  1637 | D:2      | Found a glowing silver altar of Zin.
  1653 | D:2      | Found a deep blue altar of Sif Muna.
  1958 | D:2      | Found a white marble altar of Elyvilon.
  2430 | D:3      | Reached XP level 5. HP: 44/52 MP: 4/4
  2763 | D:3      | Noticed Jessica
  2780 | D:3      | Killed Jessica
  2883 | D:4      | Found a sand-covered staircase.
  2895 | Ossuary  | Entered an ossuary
  2934 | Ossuary  | Slain by a mummy

Vault maps used:
D:1:      ncdulo_lavacross, okawaru_ov_weapons_minmay
D:2:      nicolae_overflow_quartered_altars, first_bread, minivault_5,
          uniq_crazy_yiuf_cottage
D:3:      corexii_shack_village, uniq_jessica
D:4:      minmay_temple_entry_nine_rooms, lightli_ossuary_entry_decrepit_ruins,
          portal_sewer_entry_a, uniq_duvessa
Ossuary:  ossuary_tomb_3

Action                   |  1- 3 |  4- 6 || total
-------------------------+-------+-------++-------
Melee: Unarmed           |   109 |   127 ||   236
 Fire: Blowgun           |       |     1 ||     1
Throw: Tomahawk          |       |     2 ||     2
  Use: Scroll            |       |     4 ||     4
  Eat: Chunk             |     6 |     8 ||    14
       Bread ration      |     1 |       ||     1
       Meat ration       |       |     1 ||     1
